Map: Blackpink LE

Players

Bly - Winner!

  • Race: Zerg Zerg
  • League: Grandmaster
  • Spawn Location: 7:00

DeMusliM

  • Race: Terran Terran
  • League: Grandmaster
  • Spawn Location: 1:00

Event: HomeStory Cup XVI

VOD

Have the link to the VOD?

Description

Time

  • Played on: Nov. 10, 2017, 10:09 a.m.
  • Length: 7:17

All games in this series

Show
View Real Time Build Order
Export as new Build Order

Bly Zerg - Winner!

Build Orders: Pool First 

Get SALT Encoding   

  12  0:01  Drone  
  13  0:12  Overlord  
  13  0:17  Drone  
  14  0:31  Drone x2  
  16  0:40  Spawning Pool  
  15  0:45  Drone  
  15  0:49  Drone  
  17  1:11  Hatchery  
  17  1:14  Drone  
  17  1:15  Extractor  
  17  1:17  Drone  
  17  1:28  Zergling x4  
  17  1:32  Queen  
  21  1:41  Overlord  
  21  1:51  Drone  
  22  1:59  Roach Warren  
  21  2:03  Drone  
  22  2:11  Queen  
  22  2:13  Drone  
  25  2:24  Queen  
  25  2:40  Roach  
  25  2:41  Roach x2  
  31  2:45  Roach  
  31  2:49  Overlord  
  33  3:04  Drone  
  33  3:05  Drone x2  
  36  3:14  Ravager  
  36  3:15  Drone x2  
  36  3:16  Drone x2  
  36  3:18  Ravager  
  42  3:21  Drone  
  43  3:28  Overlord  
  43  3:38  Drone  
  43  3:39  Overlord  
  44  3:47  Ravager  
  44  3:48  Drone x5  
  48  3:55  Overlord  
  50  4:06  Overlord  
  50  4:10  Hatchery  
  41  4:52  Metabolic Boost  
  38  4:54  Drone x4  
  38  4:55  Extractor, Drone x2  
  38  4:56  Extractor  
  42  5:00  Roach x4  
  42  5:04  Roach  
  52  5:08  Queen x2  
  56  5:20  Zergling x6  
  56  5:21  Zergling x10  
  64  5:31  Drone x2  
  64  5:32  Overlord  
  64  5:34  Overlord  
  66  5:35  Overlord  
  66  5:38  Overlord  
  66  5:39  Roach  
  66  5:51  Roach  
  66  5:52  Roach x3, Ravager  
  68  6:05  Roach x3  
  68  6:06  Roach x4  
  77  6:14  Zergling x2  
  77  6:18  Zergling x6  
  81  6:23  Ravager x2  
  81  6:24  Zergling x2  
  84  6:26  Zergling x4  
  84  6:27  Zergling x2  
  84  6:31  Zergling x4  
  89  6:34  Ravager  
  89  6:58  Roach, Zergling x18  
Show
View Real Time Build Order
Export as new Build Order

DeMusliM Terran 

Build Orders: Cyclone Opening 

Get SALT Encoding   

  12  0:00  SCV  
  13  0:12  SCV  
  14  0:17  Supply Depot  
  14  0:24  SCV  
  15  0:38  SCV  
  15  0:39  Barracks  
  16  0:44  Refinery  
  16  0:50  SCV  
  17  1:02  SCV  
  18  1:15  SCV  
  19  1:27  Orbital Command  
  19  1:28  Marine  
  20  1:39  Command Center  
  20  1:49  Factory  
  20  1:53  SCV  
  21  2:02  Refinery  
  21  2:05  SCV  
  21  2:08  Barracks Reactor  
  22  2:11  Supply Depot  
  22  2:18  SCV  
  23  2:49  SCV  
  23  2:50  Marine x2  
  26  2:52  Starport  
  26  2:56  Cyclone  
  29  3:01  SCV  
  29  3:03  Orbital Command  
  30  3:08  Marine  
  32  3:14  SCV  
  32  3:23  Supply Depot  
  32  3:27  SCV  
  33  3:28  SCV  
  33  3:29  Medivac  
  36  3:36  Hellion x2  
  36  3:39  SCV  
  36  3:40  SCV  
  42  3:42  Liberator  
  42  3:46  Armory  
  42  3:52  SCV x2  
  47  4:04  Hellion x2  
  51  4:11  Supply Depot, SCV  
  51  4:12  Supply Depot  
  51  4:13  SCV  
  52  4:20  Supply Depot  
  47  4:31  Hellion  
  47  4:32  Hellion  
  47  4:35  SCV  
  44  4:39  SCV  
  42  4:47  Marine  
  42  4:48  SCV  
  42  4:52  SCV  
  45  4:53  Hellion x2  
  49  5:05  Marine  
  50  5:08  SCV  
  50  5:09  SCV  
  52  5:15  Hellion x2  
  52  5:20  Supply Depot, SCV  
  52  5:21  SCV  
  58  5:33  SCV x2  
  56  5:45  SCV x2, Hellion  
  56  5:46  Hellion  
  60  5:56  Command Center  
  60  5:57  SCV x2  
  61  6:07  Hellion x2  
  58  6:13  SCV x2  
  53  6:21  Starport Tech Lab  
  53  6:23  Factory  
  53  6:24  Factory  
  53  6:25  SCV x2  
  55  6:28  Cyclone x2  
  55  6:31  Supply Depot  
  61  6:37  SCV  
  61  6:39  SCV  
  63  6:40  Refinery  
  63  6:41  Refinery  
  63  6:49  SCV  
  63  6:51  SCV  
  61  7:01  SCV  
Tags
 
Add a new tag
Caveats
  • Supply blocks, unpowered buildings, or Contaminate may cause inaccurate times.
  • Supply counts are checked every 10 seconds.